 Dungeon Crawl Stone Soup version 0.23.2 (webtiles) character file.

Game seed: 5096018234364335272

51 Illumine the Shield-Bearer (level 3, 0/35 HPs)
             Began as a Gnoll Fighter on Oct 16, 2019.
             Slain by an orc warrior
             ... wielding a +3 glaive
              (12 damage)
             ... on level 2 of the Dungeon on Oct 17, 2019.
             The game lasted 00:01:45 (1244 turns).

Illumine the Shield-Bearer (Gnoll Fighter)          Turns: 1244, Time: 00:01:46

Health: 0/35       AC:  9    Str: 19    XL:     3   Next: 83%
Magic:  4/4        EV:  6    Int: 10    God:
Gold:   139        SH: 17    Dex: 14    Spells: 3/3 levels left

rFire    . . .     SeeInvis .   a - +0 long sword
rCold    . . .     Gourm    .   h - +2 large shield
rNeg     . . .     Faith    .   b - +0 scale mail
rPois    .         Spirit   .   (no helmet)
rElec    .         Reflect  .   (no cloak)
rCorr    .         Harm     .   (no gloves)
MR       .....                  l - +0 pair of boots
Stlth    ..........             (no amulet)
HPRegen  0.11/turn              (no ring)
MPRegen  0.09/turn              (no ring)

@: no status effects
A: distributed training, fangs 1, strong nose
a: no special abilities


You were on level 2 of the Dungeon.
You were not hungry.

You visited 1 branch of the dungeon, and saw 2 of its levels.

You collected 139 gold pieces.

Inventory:

Hand Weapons
 a - a +0 long sword (weapon)
Missiles
 g - 14 poisoned needles
 i - 14 arrows
Armour
 b - a +0 scale mail (worn)
 c - a +0 shield
 h - a +2 large shield (worn)
 l - a +0 pair of boots (worn)
Jewellery
 j - an uncursed ring of teleportation
Scrolls
 e - 3 scrolls of teleportation {unknown}
 n - a scroll of identify
Potions
 d - a potion of might
 k - 2 potions of flight
 m - a potion of degeneration {unknown}
Comestibles
 f - 5 rations
 o - 3 chunks of flesh


   Skills:
 + Level 6.5 Fighting
 + Level 0.9 Short Blades
 + Level 4.5 Long Blades
 + Level 0.9 Axes
 + Level 0.9 Maces & Flails
 + Level 0.9 Polearms
 + Level 0.9 Staves
 + Level 0.9 Slings
 + Level 0.9 Bows
 + Level 0.9 Crossbows
 + Level 0.9 Throwing
 + Level 6.5 Armour
 + Level 0.9 Dodging
 + Level 0.9 Stealth
 + Level 6.5 Shields
 + Level 0.9 Unarmed Combat
 + Level 0.9 Spellcasting
 + Level 0.6 Conjurations
 + Level 0.6 Hexes
 + Level 0.6 Charms
 + Level 0.6 Summonings
 + Level 0.6 Necromancy
 + Level 0.6 Translocations
 + Level 0.6 Transmutations
 + Level 0.6 Fire Magic
 + Level 0.6 Ice Magic
 + Level 0.6 Air Magic
 + Level 0.6 Earth Magic
 + Level 0.6 Poison Magic
 + Level 1.0 Invocations
 + Level 0.9 Evocations


You had 3 spell levels left.
You didn't know any spells.
Your spell library was empty.

Dungeon Overview and Level Annotations

Branches:
Dungeon (2/15)

Altars:


Innate Abilities, Weirdness & Mutations

Your experience applies equally to all skills.
You have very sharp teeth.
Your uncanny sense of smell can sniff out nearby items.


Message History

Butcher a hobgoblin corpse? [(y)es/(n)o/(a)ll/(q)uit/?]
Butcher an orc corpse? [(y)es/(n)o/(a)ll/(q)uit/?]
Okay, then.
You butcher the hobgoblin corpse.
o - 4 chunks of flesh
Items here: ( [[ ÷ † a +0 leather armour; a tomahawk; a +0 ring mail; a hobgoblin skeleton an orc corpse You see here a ball python corpse.
Eat one of 4 chunks of flesh? (ye/n/q)
You eat one of the 4 chunks of flesh.
This raw flesh tastes terrible.
Found a ring mail.
No target in view!
An orc warrior comes into view. It is wielding a +3 glaive.
The orc warrior shouts!
An orc warrior is nearby!
The orc warrior hits you with a +3 glaive!!
Ouch! That really hurt!
The orc warrior hits you from afar with a +3 glaive!
You die...

# # ##.########
####. ##
..........# #...
..
####...#.###o##.#
##..........[#
#.####..@#####..
###†#...........#
#.....###.#####.#
#[###.# #.# #[#
.# #.# #(# # #.#
#######.###.###.#
.............##.#
#######.###..##.#


You could see an orc warrior.

Vanquished Creatures
  An adder (D:2)
  2 dart slugs
  4 orcs (D:2)
  2 bats (D:1)
  2 goblins
  7 hobgoblins
  2 ball pythons (D:2)
  6 frilled lizards
  6 kobolds
  3 rats
35 creatures vanquished.

Notes
Turn   | Place    | Note
-------+----------+-------------------------------------------
     0 | D:1      | Illumine the Gnoll Fighter began the quest for the Orb.
     0 | D:1      | Reached XP level 1. HP: 23/23 MP: 1/1
   311 | D:1      | Reached XP level 2. HP: 29/29 MP: 2/2
   914 | D:2      | Reached XP level 3. HP: 34/35 MP: 3/3
  1217 | D:2      | Reached skill level 1 in Invocations
  1241 | D:2      | Noticed an orc warrior
  1244 | D:2      | Slain by an orc warrior

Skill      XL: |  1  2  3 |
---------------+----------+-----
Invocations    | 1 |  1.0
Fighting       | |  6.5
Short Blades   | |  0.9
Long Blades    | |  4.5
Axes           | |  0.9
Maces & Flails | |  0.9
Polearms       | |  0.9
Staves         | |  0.9
Slings         | |  0.9
Bows           | |  0.9
Crossbows      | |  0.9
Throwing       | |  0.9
Armour         | |  6.5
Dodging        | |  0.9
Stealth        | |  0.9
Shields        | |  6.5
Unarmed Combat | |  0.9
Spellcasting   | |  0.9
Conjurations   | |  0.6
Hexes          | |  0.6
Charms         | |  0.6
Summonings     | |  0.6
Necromancy     | |  0.6
Translocations | |  0.6
Transmutations | |  0.6
Fire Magic     | |  0.6
Ice Magic      | |  0.6
Air Magic      | |  0.6
Earth Magic    | |  0.6
Poison Magic   | |  0.6
Evocations     | |  0.9

Action                   || total
-------------------------++-------
Melee: Long sword        ||    97
       Bite              ||    11
  Use: Scroll            ||     2
  Eat: Chunk             ||     1
Armor: Scale mail        ||    32
Dodge: Dodged            ||    17
Block: Shield            ||    33
       Large shield      ||    31
       Rpst.: Long sword ||     6
